Map: Pylon LE

Players

xyster

  • Race: Terran Terran
  • Spawn Location: 11:00

A.I. 1 (Elite) - Winner!

  • Race: Terran Terran
  • Spawn Location: 5:00

VOD

Have the link to the VOD?

Description

4 hellions asap

Time

  • Played on: Oct. 17, 2025, 8:48 a.m.
  • Length: 3:51
Show
View Real Time Build Order
Export as new Build Order

xyster Terran 

Build Orders: Hellion Opening 

Get SALT Encoding   

  12  0:00  SCV  
  13  0:12  SCV  
  14  0:17  Supply Depot  
  14  0:24  SCV  
  15  0:39  SCV  
  15  0:40  Barracks  
  16  0:44  Refinery  
  16  0:50  Refinery  
  16  0:53  SCV  
  17  1:06  SCV  
  18  1:18  SCV  
  19  1:30  Factory  
  19  1:31  Orbital Command  
  19  1:39  Barracks Reactor  
  19  1:43  Supply Depot  
  19  1:57  SCV  
  20  2:09  SCV  
  20  2:14  Supply Depot  
  21  2:22  Hellion x2  
  25  2:28  SCV  
  26  2:36  Command Center  
  26  2:43  Hellion  
  28  2:46  Hellion  
  28  2:48  Marine  
  31  2:51  SCV  
  32  3:03  SCV  
  32  3:04  Hellion  
  35  3:12  Barracks Tech Lab  
  35  3:14  Hellion  
  35  3:16  SCV  
  38  3:23  Supply Depot  
  39  3:41  Barracks  
  39  3:43  Factory Tech Lab  
Show
View Real Time Build Order
Export as new Build Order

A.I. 1 (Elite) Terran - Winner!

Build Orders:  

Get SALT Encoding   

  12  0:00  SCV  
  13  0:13  SCV  
  14  0:18  Supply Depot  
  14  0:25  SCV  
  15  0:40  SCV  
  15  0:41  Barracks  
  16  0:52  SCV  
  17  1:04  SCV  
  18  1:16  Supply Depot, SCV  
  19  1:21  Refinery  
  19  1:28  SCV, Marine  
  21  1:40  SCV  
  21  1:46  Marine  
  23  1:51  Barracks  
  23  1:52  SCV  
  23  1:53  Refinery  
  24  2:01  Supply Depot  
  24  2:04  SCV, Marine  
  26  2:16  SCV  
  26  2:22  Marine  
  28  2:25  Factory  
  28  2:29  SCV  
  29  2:37  Marine  
  29  2:40  Marine  
  29  2:41  SCV  
  32  2:53  SCV  
  32  2:55  Marine  
  32  2:57  Marine  
  35  3:05  SCV  
  36  3:08  Barracks  
  36  3:13  Marine  
  36  3:16  Barracks Tech Lab  
  36  3:17  SCV  
  38  3:20  Factory Tech Lab  
  38  3:29  SCV  
  38  3:32  Supply Depot, Barracks Tech Lab  
Tags
 
Matchup
TvT
Race
Terran
Spawn Locations
Cross Positions
Add a new tag
Caveats
  • Supply blocks, unpowered buildings, or Contaminate may cause inaccurate times.
  • Supply counts are checked every 10 seconds.